 Dungeon Crawl Stone Soup version 0.24-a0-228-g05560da (webtiles) character file.

Game seed: 13111073430018634899

574 Pandora the Chopper (level 7, 0/64 HPs)
             Began as a Hill Orc Monk on Apr 1, 2019.
             Was a Believer of Beogh.
             Slain by a troll (6 damage)
             ... on level 4 of the Dungeon.
             The game lasted 00:21:28 (4640 turns).

Pandora the Chopper (Hill Orc Monk)                 Turns: 4640, Time: 00:21:28

Health: 0/64       AC:  4    Str: 16    XL:     7   Next: 35%
Magic:  0/7        EV: 13    Int: 10    God:    Beogh [**....]
Gold:   198        SH:  0    Dex: 13    Spells: 6/6 levels left

rFire    x . .     SeeInvis .   a - +0 hand axe
rCold    + . .     Gourm    .   (no shield)
rNeg     . . .     Faith    .   u - +0 leather armour
rPois    .         Spirit   +   (no helmet)
rElec    .         Reflect  .   d - scarf {Spirit}
rCorr    .         Harm     .   p - +0 pair of gloves
MR       .....                  (no boots)
Stlth    ++........             (no amulet)
HPRegen  0.20/turn              l - ring of ice
MPRegen  0.10/turn              (no ring)

@: no status effects
A: no striking features
a: Smiting, Renounce Religion


You were on level 4 of the Dungeon.
You worshipped Beogh.
Beogh was pleased with you.
You were hungry.

You visited 1 branch of the dungeon, and saw 4 of its levels.

You collected 198 gold pieces.

Inventory:

Hand Weapons
 a - a +0 hand axe (weapon)
Armour
 b - a +0 robe
 d - a scarf of spirit shield (worn)
 p - a +0 pair of gloves (worn)
 u - a +0 leather armour (worn)
Jewellery
 l - a ring of ice (left hand)
Scrolls
 e - 2 scrolls of teleportation {unknown}
 g - a scroll of amnesia {unknown}
 i - a scroll of fear {unknown}
 m - 4 scrolls of remove curse {unknown}
 n - 5 scrolls of identify {unknown}
 o - 2 scrolls of fog {unknown}
 q - a scroll of blinking {unknown}
 s - a scroll of immolation {unknown}
 t - 3 scrolls of magic mapping {unknown}
 v - a scroll of enchant armour {unknown}
Potions
 f - a potion of invisibility
 h - a potion of mutation {unknown}
 j - a potion of lignification
 k - 2 potions of curing
 r - a potion of degeneration {unknown}
Comestibles
 c - 5 rations


   Skills:
 * Level 6.6 Fighting
 + Level 7.2 Axes
 + Level 2.2 Armour
 + Level 3.5 Dodging
 - Level 1.5 Stealth


You had 6 spell levels left.
You didn't know any spells.
Your spell library was empty.

Dungeon Overview and Level Annotations

Branches:
Dungeon (4/15)
 Temple: D:4-7

Altars:
Okawaru
Xom


Message History

You hit the scorpion.
The scorpion is heavily wounded.
You slash the scorpion!
You kill the scorpion!
Beogh accepts your kill.
You closely miss the troll. The troll bites you. The troll closely misses you.
The troll claws you!
You hit the troll.
The troll is lightly wounded.
The troll bites you! The troll claws you. x2
You closely miss the troll.
The troll is lightly wounded.
The troll bites you!
* * * LOW HITPOINT WARNING * * *
The troll misses you. The troll claws you!
* * * LOW HITPOINT WARNING * * *
You hit the troll.
The troll is lightly wounded.
The troll closely misses you. The troll claws you.
You die...

##.....##.......
#..#'#..##......
###.##.##.........
#...#...#..#^.....
##..#######........
#...# #........
#...# +........
#..## ##.......
#.@# #.....##
#..T...... ....##
#..#......
#..####### #...
#.#. #. . #. ..


You could see a troll.

Vanquished Creatures
  Edmund (D:4)
  A scorpion (D:4)
  A howler monkey (D:4)
  A crimson imp (D:4)
  A hound (D:4)
  2 orc priests (D:4)
  A bullfrog skeleton (D:4)
  2 worker ants (D:4)
  4 gnolls (D:3)
  5 adders
  An ooze (D:2)
  2 worms (D:3)
  5 dart slugs
  4 leopard geckos
  4 orcs
  4 giant cockroaches
  8 goblins
  4 hobgoblins
  6 jackals (D:1)
  2 quokkas
  7 bats
  2 frilled lizards (D:2)
  10 kobolds
  A quokka skeleton (D:4)
  8 rats
87 creatures vanquished.

Notes
Turn   | Place    | Note
-------+----------+-------------------------------------------
     0 | D:1      | Pandora the Hill Orc Monk began the quest for the Orb.
     0 | D:1      | Reached XP level 1. HP: 19/19 MP: 1/1
   224 | D:1      | Reached XP level 2. HP: 23/27 MP: 2/2
   527 | D:1      | Reached XP level 3. HP: 33/34 MP: 3/3
  1300 | D:2      | Reached XP level 4. HP: 39/41 MP: 4/4
  1375 | D:2      | Reached skill level 5 in Axes
  1659 | D:2      | Found an iron altar of Okawaru.
  1798 | D:2      | Reached skill level 5 in Fighting
  2492 | D:3      | Reached XP level 5. HP: 46/48 MP: 5/5
  3128 | D:3      | Found a shimmering altar of Xom.
  3164 | D:3      | Became a worshipper of Beogh the Brigand
  3164 | D:3      | Reached * piety under Beogh
  3164 | D:3      | Reached ** piety under Beogh
  3600 | D:4      | Reached skill level 6 in Axes
  3600 | D:4      | Reached XP level 6. HP: 26/57 MP: 2/6
  3787 | D:4      | Noticed Edmund
  3860 | D:4      | Killed Edmund
  3860 | D:4      | Reached skill level 1 in Armour
  4142 | D:4      | Reached XP level 7. HP: 49/64 MP: 5/7
  4357 | D:4      | Reached skill level 7 in Axes
  4624 | D:4      | Noticed a troll
  4640 | D:4      | Slain by a troll

Levels and vault maps discovered:
D:1:      wander_arrival_peaceful_grave, layout_loops_ring
D:2:      layout_basic, serial_co_window_serial, co_window_paths_a,
          co_window_corner_a, co_window_corner_a, co_window_corner_a,
          co_window_corner_a, co_window_cross_3, co_window_corner_b,
          co_window_paths_c, glass_columns_a, glass_columns_b, glass_columns_b,
          okawaru_trees_2
D:3:      layout_basic, nicolae_overflow_crystal_walls, first_ration,
          st_stairs_4
D:4:      layout_cave_pools, minmay_divided_ellipse, uniq_edmund, uniq_pikel,
          uniq_grinder

Skill      XL: |  1  2  3  4  5  6  7 |
---------------+----------------------+-----
Fighting       | 4 5 6 |  6.6
Axes           | 5 6 7 |  7.2
Dodging        | 3 |  3.5
Armour         | 1 2 |  2.2
Stealth        | |  1.5

Action                   |  1- 3 |  4- 6 |  7- 9 || total
-------------------------+-------+-------+-------++-------
Melee: Hand axe          |   128 |   222 |    84 ||   434
Invok: Convert to Beogh  |       |     1 |       ||     1
  Use: Potion            |     2 |     5 |       ||     7
 Stab: Sleeping          |     2 |     4 |       ||     6
       Invisible         |       |     2 |       ||     2
  Eat: Chunk             |     1 |     6 |     1 ||     8
       Ration            |       |     1 |       ||     1
Armor: Robe              |    30 |    18 |       ||    48
       Leather armour    |       |    22 |    14 ||    36
       Skin              |       |     7 |       ||     7
Dodge: Dodged            |   110 |   179 |    39 ||   328

Table legend:
 A = Non-vault XP
 B = Vault XP
 C = Vault XP percentage of total XP
 D = Non-vault monster count
 E = Vault monster count
 F = Vault count percentage of total count
                 A         B        C        D         E       F
            +---------+---------+-------+---------+---------+-------
      Total |     534 |     287 |  35.0 |      80 |       7 |   8.0
            +---------+---------+-------+---------+---------+-------
        D:1 |      51 |       0 |   0.0 |      26 |       0 |   0.0
        D:2 |      96 |       0 |   0.0 |      31 |       0 |   0.0
        D:3 |     100 |      12 |  10.7 |      13 |       3 |  18.8
        D:4 |     287 |     275 |  48.9 |      10 |       4 |  28.6
            +---------+---------+-------+---------+---------+-------
